Unix NetHack Version 5.0.0-0 post-release - last build Jun 10 2026 00:39:30 (3ee93aec679c4c4259841fe613dc97188e26a321,branch:main).

Game began 2026-06-29 12:29:28, ended 2026-06-29 13:17:20.

Ch3Begorrah, chaotic male human Rogue

               --------------
               |............|
             ##-............|
             # |..>.........|                                         --------
             # |.............                                         |......|
 ----  -----## ----------.---                                        #-......|
 |...  |...|#            #                                           #|......|
 |...---...|#            #         #         #                       #.......|
 |....(....|#          ##          #%u@######0                      ##|......|
 ---.....---#       ####          ## %#####                       ####|.....(|
   |......###       #             #                               # ##--------
 ---.....---      --|-----      ###                               # #
 |...|....{|      |.......    ##0                                 ##0
 |...---...|      |......|    #       -------------  ##############
 |...  |....      |......|  ###       |....).....`|###       ####
 ----  -----      |.....(.#######     |...........-#
                  --------      ######|..(........|
                                     #.............
                                      -------------

Ch3Begorrah the Cutpurse  St:11 Dx:17 Co:13 In:14 Wi:14 Ch:7  Chaotic
Dlvl:6  $:64 HP:0(25) Pw:15(15) AC:7  Xp:3 T:1081  Burdened

Latest messages:
 You throw 2 daggers.
 The 1st dagger hits the gnome lady.
 Your movements are now unencumbered.
 The 2nd dagger hits the gnome lady.
 The gnome lady reads a scroll labeled MAPIRO MAHAMA DIROMAT!
 Call a scroll labeled MAPIRO MAHAMA DIROMAT: CM
 In what direction? l
 The dagger hits the gnome lady.
 The gnome lady hits!
 In what direction? l
 You kill the gnome lady!
 You have a little trouble lifting 5 +0 daggers.  Continue? [ynq] (q) y
 You have a little trouble lifting g - 5 +0 daggers (at the ready) (7 in total).
 Your movements are slowed slightly because of your load.
 You have a little trouble lifting v - a slime mold.
 w - a tripe ration.
 The rothe hits!
 The rothe bites!
 The rothe bites again!
 In what direction? l
 You throw 2 daggers.
 The 1st dagger hits the rothe.
 You kill the rothe!
 You have a little trouble lifting g - a +0 dagger (at the ready) (6 in total).
 You see here a rothe corpse.
 In what direction? j
 You throw 2 daggers.
 The 1st dagger hits the yellow mold.
 You kill the yellow mold!
 Your movements are now unencumbered.
 You have a little trouble lifting 2 +0 daggers.  Continue? [ynq] (q) q
 You have a little trouble lifting 2 +0 daggers.  Continue? [ynq] (q) y
 You have a little trouble lifting g - 2 +0 daggers (at the ready) (6 in total).
 Your movements are slowed slightly because of your load.
 What do you want to drink? [dju or ?*] ?
 That was smooth!
 Your movements are now unencumbered.
 You try to move the boulder, but in vain.
 You have a little trouble lifting a +0 dagger.  Continue? [ynq] (q) y
 You have a little trouble lifting g - a +0 dagger (at the ready) (7 in total).
 Your movements are slowed slightly because of your load.
 You hit the pony.
 The pony kicks!
 The pony bites!
 You hit the pony.
 The pony kicks!
 The pony bites!
 The pony kicks!
 You die...
 Do you want your possessions identified? [ynq] (y) q

Inventory:
 Coins    ('$')
  $ - 64 gold pieces
 Weapons  (')')
  h - 9 cursed -1 darts
  b - a +0 dagger (weapon in right hand)
  g - 7 +0 daggers (at the ready)
  o - a cursed -2 axe
  n - a +0 battle-axe
  a - a +0 short sword (alternate weapon; not wielded)
 Armor    ('[')
  c - an uncursed +1 leather armor (being worn)
 Comestibles  ('%')
  v - an uncursed slime mold
  r - an uncursed cream pie
  w - an uncursed tripe ration
 Scrolls  ('?')
  l - an uncursed scroll of enchant weapon named ok
  t - an uncursed scroll of identify
  p - 2 blessed scrolls of light
 Potions  ('!')
  u - 3 uncursed potions of healing
  d - an uncursed potion of sickness
 Rings    ('=')
  q - an uncursed ring of invisibility
 Tools    ('(')
  f - an empty uncursed sack
  e - an uncursed lock pick
 Gems/Stones  ('*')
  m - an uncursed worthless piece of red glass
  i - 6 cursed rocks

Ch3Begorrah the Rogue's attributes:

Background:
 You were a Cutpurse, a level 3 male human Rogue.
 You were chaotic, nominally on a mission for Kos
 who was opposed by Issek (lawful) and Mog (neutral).
 You were right-handed.
 You were in the Dungeons of Doom, on level 6.
 You entered the dungeon 1081 turns ago.
 There was a full moon in effect when your adventure ended.
 You had 65 experience points, 15 more were needed to attain level 4.

Basics:
 You had 0 out of 25 hit points.
 You had all 15 energy points (spell power).
 Your armor class was 7.
 Your wallet contained 64 zorkmids.
 Autopickup was on for '$!/(' plus thrown, with exceptions.

Final Characteristics:
 Your strength was 11 (limit:18/100).
 Your dexterity was 17 (limit:18).
 Your constitution was 13 (limit:18).
 Your intelligence was 14 (limit:18).
 Your wisdom was 14 (limit:18).
 Your charisma was 7 (limit:18).

Final Status:
 You weren't hungry.
 You were burdened; movement was slightly slowed.
 You were wielding a dagger.
 You had basic skill with dagger.

Final Attributes:
 You were devoutly aligned.
 You saw invisible.
 You were stealthy.
 You were warded.
 You were lucky.
 You are dead.

Miscellaneous:
 You didn't encounter any bones levels.
 Total elapsed playing time was 20 minutes and 30 seconds.

Major events:
 Turn
    1: Ch3Begorrah the chaotic male human Rogue entered the dungeon
  985: attained the rank of Cutpurse (level 3)
 1081: killed by a pony

You didn't know any spells.

Skills:
 Fighting Skills
   bare handed combat [Unskilled]
   two weapon combat  [Unskilled]
   riding             [Unskilled]
 Weapon Skills
   dagger             [Basic]
   knife              [Unskilled]
   short sword        [Basic]
   broadsword         [Unskilled]
   long sword         [Unskilled]
   two-handed sword   [Unskilled]
   saber              [Unskilled]
   club               [Unskilled]
   mace               [Unskilled]
   morning star       [Unskilled]
   flail              [Unskilled]
   hammer             [Unskilled]
   polearms           [Unskilled]
   spear              [Unskilled]
   crossbow           [Unskilled]
   dart               [Unskilled]
   shuriken           [Unskilled]
 Spellcasting Skills
   divination spells  [Unskilled]
   escape spells      [Unskilled]
   matter spells      [Unskilled]

Voluntary challenges:
 Character rerolling was not enabled.
 You followed a strict vegan diet.
 You were an atheist.
 You were illiterate.
 You never genocided any monsters.
 You never polymorphed an object.
 You never changed form.
 You used no wishes.
Achievement:
 You attained the rank of Cutpurse.

 The Dungeons of Doom: levels 1 to 7
    Level 1:
       A sink.
    Level 2:
       A fountain.
    Level 3:
       A fountain.
    Level 4:
    Level 6: <- You were here.
       A sink, a grave.
       Final resting place for
          you, killed by a pony.
    Level 7:


Vanquished creatures:
  a shrieker
  a gnome leader
  a rothe
  a dwarf zombie
 an iguana
  a yellow mold
  a jackal
  2 goblins
  8 grid bugs
  a lichen
  6 newts
24 creatures vanquished.

No species were genocided or became extinct.

Game over:
                       ----------
                      /          \
                     /    REST    \
                    /      IN      \
                   /     PEACE      \
                  /                  \
                  |   Ch3Begorrah    |
                  |      64 Au       |
                  | killed by a pony |
                  |                  |
                  |                  |
                  |                  |
                  |       2026       |
                 *|     *  *  *      | *
        _________)/\\_//(\/(/\)/\//\/|_)_______

Goodbye Ch3Begorrah the Rogue...

You died in The Dungeons of Doom on dungeon level 6 with 628 points,
and 64 pieces of gold, after 1081 moves.
You were level 3 with a maximum of 25 hit points when you died.

